Map: Daybreak LE (Void)

Players

òló - Winner!

  • Race: Protoss Protoss
  • League: Diamond
  • Spawn Location: 1:00

Gorod

  • Race: Zerg Zerg
  • League: Diamond
  • Spawn Location: 7:00

VOD

Have the link to the VOD?

Description

Time

  • Played on: Dec. 20, 2016, 8:15 a.m.
  • Length: 8:50
Show
View Real Time Build Order
Export as new Build Order

òló Protoss - Winner!

Build Orders:  

Get SALT Encoding   

  12  0:01  Probe (Chrono Boost)  
  13  0:11  Probe (Chrono Boost)  
  14  0:17  Pylon  
  14  0:22  Probe (Chrono Boost)  
  15  0:36  Probe (Chrono Boost)  
  15  0:38  Gateway  
  16  0:46  Assimilator  
  16  0:47  Probe (Chrono Boost)  
  17  1:00  Forge  
  17  1:25  Pylon  
  17  1:26  Pylon  
  17  1:27  Pylon  
  17  1:34  Cybernetics Core  
  17  1:43  Photon Cannon  
  17  1:54  Pylon  
  17  1:58  Pylon  
  17  2:24  Photon Cannon  
  17  2:29  Pylon  
  17  2:37  Probe (Chrono Boost)  
  17  2:47  Nexus  
  17  2:48  Probe (Chrono Boost)  
  20  2:59  Mothership Core (Chrono Boost)  
  20  3:01  Pylon  
  20  3:07  Warp Gate  
  20  3:17  Probe (Chrono Boost)  
  21  3:26  Assimilator  
  21  3:28  Probe (Chrono Boost)  
  22  3:38  Probe (Chrono Boost)  
  22  3:40  Photon Cannon  
  23  3:50  Twilight Council  
  23  3:51  Probe (Chrono Boost)  
  24  4:01  Probe (Chrono Boost)  
  25  4:09  Protoss Ground Weapons Level 1  
  25  4:16  Gateway, Probe (Chrono Boost)  
  27  4:17  Probe (Chrono Boost)  
  27  4:26  Adept  
  27  4:30  Resonating Glaives  
  29  4:31  Probe (Chrono Boost)  
  29  4:33  Probe (Chrono Boost)  
  31  4:42  Probe (Chrono Boost)  
  32  4:50  Gateway  
  32  4:54  Pylon  
  32  5:06  Probe (Chrono Boost)  
  34  5:07  Probe (Chrono Boost)  
  34  5:13  Gateway  
  34  5:19  Gateway  
  34  5:22  Gateway  
  34  5:29  Adept  
  34  5:33  Pylon  
  36  5:37  Adept  
  38  5:54  Gateway  
  38  5:55  Probe (Chrono Boost)  
  40  5:57  Probe (Chrono Boost)  
  40  6:07  Adept x2  
  42  6:16  Pylon  
  41  6:27  Pylon  
  41  6:29  Adept x4  
  49  6:43  Adept x2  
  53  6:53  Sentry x3  
  53  6:54  Sentry  
  61  6:56  Adept  
  63  7:11  Adept  
  63  7:12  Adept  
  57  7:20  Adept x2  
  57  7:21  Adept x3  
  63  7:43  Adept x3  
  69  7:48  Pylon  
  69  7:50  Pylon  
  69  8:01  Pylon  
  57  8:10  Adept x3  
  57  8:11  Adept x3  
  61  8:22  Adept  
  63  8:37  Zealot x4  
  63  8:38  Zealot  
Show
View Real Time Build Order
Export as new Build Order

Gorod Zerg 

Build Orders: Hatch First 

Get SALT Encoding   

  12  0:01  Drone  
  13  0:12  Drone  
  14  0:20  Drone, Extractor  
  15  0:42  Hatchery  
  14  0:45  Extractor  
  14  0:47  Drone  
  15  1:04  Spawning Pool  
  14  1:10  Drone, Extractor  
  14  1:17  Drone, Extractor  
  14  1:22  Overlord  
  15  1:54  Queen  
  10  2:43  Drone x3  
  13  2:54  Drone  
  13  2:57  Drone  
  15  3:03  Drone  
  16  3:15  Drone x2  
  16  3:16  Drone  
  19  3:21  Extractor  
  18  3:28  Drone x2  
  18  3:31  Drone  
  21  3:34  Drone  
  21  3:40  Overlord  
  22  3:48  Drone  
  22  3:49  Drone  
  24  3:56  Queen  
  24  4:01  Drone  
  24  4:02  Drone  
  28  4:12  Zergling x4  
  28  4:13  Zergling x2  
  31  4:21  Metabolic Boost  
  31  4:25  Drone  
  31  4:26  Drone x2  
  34  4:38  Drone x2  
  36  4:56  Overlord x2  
  36  5:06  Overlord  
  36  5:16  Zergling x2  
  36  5:17  Zergling x8  
  41  5:29  Zergling x6  
  41  5:30  Baneling Nest  
  43  5:57  Zergling x12  
  39  6:18  Baneling  
  39  6:19  Baneling x2  
  39  6:20  Zergling x14  
  46  6:33  Zergling x4  
  47  6:43  Baneling x4  
  47  6:44  Zergling x4  
  49  6:47  Drone  
  49  6:48  Lair  
  49  6:53  Extractor  
  49  6:55  Zergling x4  
  34  7:19  Baneling x3, Zergling x14  
  41  7:25  Evolution Chamber  
  38  7:39  Zergling x2  
  38  7:40  Zergling x14  
  38  7:41  Baneling x3  
  38  7:44  Baneling x2  
  46  7:45  Zergling x2  
  35  8:06  Zergling x18  
  35  8:12  Queen x2  
  42  8:19  Zergling x2  
  41  8:20  Zergling x4  
  41  8:26  Baneling  
Tags
 
Add a new tag
Caveats
  • Supply blocks, unpowered buildings, or Contaminate may cause inaccurate times.
  • Supply counts are checked every 10 seconds.